 Dungeon Crawl Stone Soup version 0.28.0-53-g5a82cb258f (webtiles) character file.

Game seed: 4635056113347817053

59 DearestLeader the Conjurer (level 3, -3/19 HPs)
             Began as a Deep Elf Conjurer on June 8, 2022.
             Slain by Sigmund
             ... wielding a +0 scythe
              (8 damage)
             ... on level 2 of the Dungeon.
             The game lasted 00:03:38 (1725 turns).

DearestLeader the Conjurer (Deep Elf Conjurer)      Turns: 1725, Time: 00:03:38

Health: -3/19      AC:  2    Str:  4    XL:     3   Next: 78%
Magic:  1/9        EV: 13    Int: 24    God:
Gold:   36         SH:  0    Dex: 13    Spells: 2/8 levels left

rFire   . . .      SeeInvis .   f - +2 dagger (speed)
rCold   . . .      Faith    .   (no shield)
rNeg    . . .      Spirit   .   a - +0 robe
rPois   .          Reflect  .   (no helmet)
rElec   .          Harm     .   (no cloak)
rCorr   .          Rampage  .   (no gloves)
Will    .....                   (no boots)
Stlth   ++........              (no amulet)
HPRegen 0.06/turn               (no ring)
MPRegen 0.11/turn               (no ring)

@: no status effects
A: no striking features
a: no special abilities


You were on level 2 of the Dungeon.
You visited 1 branch of the dungeon, and saw 2 of its levels.

You collected 36 gold pieces.

Inventory:

Hand Weapons
 f - a +2 dagger of speed (weapon)
Armour
 a - a +0 robe (worn)
Potions
 c - a potion of curing
 e - 2 potions of brilliance
 h - a potion of cancellation {unknown}


   Skills:
 + Level 3.3 Dodging
 - Level 3.0 Stealth
 + Level 3.0 Spellcasting
 * Level 5.4 Conjurations


You had 2 spell levels left.
You knew the following spells:

 Your Spells              Type           Power      Damage    Failure   Level
a - Magic Dart            Conj           100%       1d8       1%          1
b - Searing Ray           Conj           58%        2d6       1%          2
c - Dazzling Flash        Conj/Hex       32%        N/A       11%         3

Your spell library contained the following spells:

 Spells                   Type           Power      Damage    Failure   Level
 Fulminant Prism          Conj/Hex       8%         3d7       34%         4
 Iskenderun's Mystic Bla  Conj/Tloc      16%        2d5       34%         4
 Lightning Bolt           Conj/Air       8%         1d20      69%         5
 Airstrike                Air            1%         N/A       71%         4
 Summon Lightning Spire   Summ/Air       3%         N/A       71%         4


Dungeon Overview and Level Annotations

Branches:
Dungeon (2/15)

Altars:

Annotations:
D:2 Sigmund


Message History

Confirm with . or Enter, or press ? or * to list all spells.
Aiming: Searing Ray (safe; 1% risk of failure)
Press: ? - help, Shift-Dir - straight line, f - Sigmund
Aim: Sigmund, wielding a +0 scythe and wearing a +0 robe (77% to hit)
The searing ray hits Sigmund.
Sigmund is moderately wounded. (Press . to maintain the ray.) Sigmund casts a spell.
Sigmund flickers and vanishes!
Deactivating autopickup; reactivate with Ctrl-A.
The searing ray hits something.
You finish channelling your searing ray.
A magic dart appears from out of thin air!
The magic dart hits you!
Casting: Searing Ray (safe; 1% risk of failure)
Confirm with . or Enter, or press ? or * to list all spells.
Aiming: Searing Ray (safe; 1% risk of failure)
Press: ? - help, Shift-Dir - straight line The searing ray hits something. (Press . to maintain the ray.)
Something barely misses you.
The searing ray hits something.
Something hits you!
* * * LOW HITPOINT WARNING * * *
Without enough magic to sustain it, your searing ray dissipates.
Something hits you.
* * * LOW HITPOINT WARNING * * *
As you read the scroll labelled VUNERE KENETS, it crumbles to dust.
You hear a loud clanging noise!
It was a scroll of noise.
You hear an angry hiss. x2
A rat comes into view.
Found a ring mail.
You hit the rat.
The rat is heavily wounded.
The rat closely misses you.
You closely miss the rat.
The rat is heavily wounded.
Something hits you!
You die...

#...# #.. ...# #...# #.#
.#.# #...# #.##.#.# #####
#...#### #.#..#.# .....
#...##.####.#.##.# ......
......#.)##.#.##.##......
.....###............[....
...†..#..##.#.###.#.....
#...##.####...##@#.......
......## #..##r###......
....#. #....# ######
....# ##.## ....# #.# #r#
... ###


You could see a rat.

Vanquished Creatures
  2 worms (D:2)
  3 dart slugs (D:1)
  4 ball pythons
  4 endoplasms
  2 giant cockroaches (D:1)
  2 goblins
  4 hobgoblins (D:1)
  7 jackals (D:1)
  A kobold (D:1)
  4 quokkas
  4 bats
  2 frilled lizards
  2 rats (D:1)
41 creatures vanquished.

Notes
Turn   | Place    | Note
-------+----------+-------------------------------------------
     0 | D:1      | DearestLeader the Deep Elf Conjurer began the quest for the
                  | Orb.
     0 | D:1      | Reached XP level 1. HP: 10/10 MP: 6/6
   238 | D:1      | Reached XP level 2. HP: 15/15 MP: 5/8
   374 | D:1      | Learned a level 2 spell: Searing Ray
   638 | D:1      | Reached skill level 5 in Conjurations
   842 | D:1      | Reached XP level 3. HP: 19/19 MP: 6/9
  1520 | D:2      | Found a faded altar of an unknown god.
  1675 | D:2      | Noticed Sigmund
  1706 | D:2      | Learned a level 3 spell: Dazzling Flash
  1725 | D:2      | Slain by Sigmund

Illustrated notes

Levels and vault maps discovered:
D:1:      dpeg_arrival_rooms_with_view, layout_loops_cross, st_stairs_3
D:2:      layout_loops_cross, serial_shops, shop_statue,
          shapermc_ecumenical_altar_pompeii, uniq_crazy_yiuf_cottage,
          uniq_sigmund

Skill      XL: |  1  2 |
---------------+-------+-----
Stealth        | 3 |  3.0
Dodging        | 3 |  3.3
Conjurations   | 5 |  5.4
Spellcasting   | |  3.0

Action                   || total
-------------------------++-------
Melee: Unarmed           ||     4
       Dagger            ||     8
 Cast: Magic Dart        ||    62
       Searing Ray       ||    10
  Use: Scroll            ||     4
Armor: Robe              ||     1
Dodge: Dodged            ||    13
